 Dungeon Crawl Stone Soup version 0.29-a0-284-gf9362112df (webtiles) character file.

Game seed: 7706398662251066106

623 siradein the Purveyor of Pain (level 7, -18/51 HPs)
             Began as a Gnoll Necromancer on Mar 22, 2022.
             Was an Initiate of Kikubaaqudgha.
             Demolished by an orc warrior
             ... wielding a +0 scimitar
              (19 damage)
             ... on level 4 of the Dungeon.
             The game lasted 00:13:35 (5191 turns).

siradein the Purveyor of Pain (Gnoll Necromancer)   Turns: 5191, Time: 00:13:36

Health: -18/51     AC:  5    Str:  9    XL:     7   Next: 47%
Magic:  9/15       EV: 17    Int: 20    God:    Kikubaaqudgha [......]
Gold:   221        SH:  0    Dex: 13    Spells: 9/17 levels left

rFire   . . .      SeeInvis .   b - +0 hunting sling
rCold   . . .      Faith    .   (no shield)
rNeg    . . .      Spirit   .   m - +1 leather armour of Imperfection {Fly Int+4}
rPois   +          Reflect  .   (no helmet)
rElec   .          Harm     .   (no cloak)
rCorr   .          Rampage  .   e - +0 pair of gloves
Will    .....                   (no boots)
Stlth   +++.......              (no amulet)
HPRegen 0.17/turn               s - +4 ring of evasion
MPRegen 0.14/turn               (no ring)

@: flying
A: fangs 1, strong nose, distributed training, poison resistance, strong 1
a: Renounce Religion


You were on level 4 of the Dungeon.
You worshipped Kikubaaqudgha.
Kikubaaqudgha was noncommittal.
You visited 2 branches of the dungeon, and saw 6 of its levels.

You collected 243 gold pieces.
You spent 22 gold pieces at shops.

Inventory:

Hand Weapons
 a - a +0 flail
 b - a +0 hunting sling (weapon)
Armour
 e - a +0 pair of gloves (worn)
 m - the +1 leather armour of Imperfection (worn) {Fly Int+4}
   (You found it on level 2 of the Dungeon)

   Int:       It affects your intelligence (+4).
   Fly:       It grants you flight.
Jewellery
 s - a +4 ring of evasion (left hand)
Scrolls
 c - 3 scrolls of teleportation
 d - 2 scrolls of magic mapping
 g - a scroll of fear {unknown}
 h - a scroll of noise {unknown}
 l - a scroll of enchant weapon {unknown}
 p - 2 scrolls of blinking {unknown}
 q - a scroll of acquirement {unknown}
 r - a scroll of fog {unknown}
 u - a scroll of vulnerability {unknown}
Potions
 f - a potion of magic
 i - 2 potions of degeneration {unknown}
 j - 2 potions of curing
 k - a potion of resistance {unknown}
 n - a potion of heal wounds {unknown}
 o - a potion of ambrosia {unknown}
 t - 3 potions of flight {unknown}
 v - a potion of attraction {unknown}


   Skills:
 + Level 2.5 Fighting
 + Level 2.5 Short Blades
 + Level 2.5 Long Blades
 + Level 2.5 Axes
 + Level 2.5 Maces & Flails
 + Level 2.5 Polearms
 + Level 2.5 Staves
 + Level 2.5 Slings
 + Level 2.5 Bows
 + Level 2.5 Crossbows
 + Level 2.5 Throwing
 + Level 2.5 Armour
 + Level 5.2 Dodging
 + Level 4.9 Stealth
 + Level 2.5 Shields
 + Level 2.5 Unarmed Combat
 + Level 5.6 Spellcasting
 + Level 2.0 Conjurations
 + Level 2.0 Hexes
 + Level 2.0 Summonings
 + Level 7.4 Necromancy
 + Level 2.0 Translocations
 + Level 2.0 Transmutations
 + Level 2.0 Fire Magic
 + Level 2.0 Ice Magic
 + Level 2.0 Air Magic
 + Level 2.0 Earth Magic
 + Level 2.0 Poison Magic
 + Level 2.8 Invocations
 + Level 2.5 Evocations


You had 9 spell levels left.
You knew the following spells:

 Your Spells              Type           Power      Damage    Failure   Level
a - Pain                  Necr           100%       1d9       1%          1
b - Vampiric Draining     Necr           35%        2d8       1%          3
c - Animate Dead          Necr           17%        N/A       7%          4

Your spell library contained the following spells:

 Spells                   Type           Power      Damage    Failure   Level
 Animate Skeleton         Necr           70%        N/A       1%          1
 Gell's Gravitas          Tloc           13%        N/A       19%         3
 Lesser Beckoning         Tloc           13%        N/A       19%         3
 Teleport Other           Tloc           13%        N/A       19%         3
 Agony                    Necr           35%        N/A       19%         5
 Cause Fear               Hex            6%         N/A       54%         4
 Dragon Form              Tmut           6%         N/A       100%        7
 Dragon's Call            Summ           6%         N/A       100%        9


Dungeon Overview and Level Annotations

Branches:
Dungeon (5/15)             Temple (1/1) D:4

Altars:
Ashenzari
Cheibriados
Dithmenos
Elyvilon
Fedhas
Gozag
Hepliaklqana
Kikubaaqudgha
Makhleb
Nemelex Xobeh
Okawaru
Qazlal
Ru
Sif Muna
Trog
Uskayaw
Vehumet
Wu Jian
Xom
Yredelemnul
Zin
The Shining One

Shops:
D:2 *

Annotations:
D:2 Sigmund


Innate Abilities, Weirdness & Mutations

You have very sharp teeth.
Your uncanny sense of smell can sniff out nearby items.
Your experience applies equally to all skills.
Your system is resistant to poisons. (rPois)
Your muscles are strong. (Str +2)


Message History

You start resting.
Magic restored.
Things that are here:
a +0 whip; an orc corpse; an iguana corpse
There is a stone staircase leading down here.
You fly downwards.
The orc warrior throws a boomerang.
The boomerang hits you!
The orc warrior throws a boomerang.
The boomerang misses you.
There is a stone staircase leading up, spattered with blood here.
The orc warrior throws a boomerang.
The boomerang misses you.
You fly upwards.
There is a stone staircase leading down here.
You fly downwards.
The orc warrior hits you with a +0 scimitar!
There is a stone staircase leading up, spattered with blood here.
The orc warrior completely misses you.
You fly upwards.
There is a stone staircase leading down here.
The orc warrior hits you with a +0 scimitar!
Things that are here:
a +0 whip; an orc corpse; an iguana corpse
Casting: Vampiric Draining (safe; 1% risk of failure)
Confirm with . or Enter, or press ? or * to list all spells.
You call on the dead to rise...
The dead are walking!
The orc warrior hits you with a +0 scimitar!
* * * LOW HITPOINT WARNING * * *
Casting: Animate Dead (dangerous; 7% risk of failure)
Confirm with . or Enter, or press ? or * to list all spells.
Aiming: Pain (safe; 1% risk of failure)
Press: ? - help, Shift-Dir - straight line, f - orc warrior
Aim: an orc warrior, wielding a +0 scimitar, wearing a +0 plate armour and quivering boomerangs (ally target, chance to affect: 83%)
The orc warrior writhes in agony!
The orc warrior barely misses you.
Casting: Pain (safe; 1% risk of failure)
Confirm with . or Enter, or press ? or * to list all spells.
Aiming: Pain (safe; 1% risk of failure)
Press: ? - help, Shift-Dir - straight line, f/p - orc warrior
Aim: an orc warrior, wielding a +0 scimitar, wearing a +0 plate armour and quivering boomerangs (moderately wounded, ally target, chance to affect: 83%)
The orc warrior barely resists.
The orc warrior hits you with a +0 scimitar!!
You die...
Kikubaaqudgha rasps: "You have failed me!
Welcome... death!"

##.#.......... ###.........#.
#........#..#. ###...#....##.#.
###....##....##.#.
#.Z##..####.......
#>......##......<#
##o####.......>.... #########
##.@Z....##.#.#.....
##...#...#####........##.####....
...#...#...#..........##..#.#....
..#...#...................#......
8...8...8.##.##..............##..
..#...#......##............####..
.###.###.....##..............#...
..#...#......###........>........
8...8...8.#..#....###............


You could see an orc warrior (ally target), a friendly iguana zombie and a
friendly orc zombie.

Vanquished Creatures
  2 water moccasins
  2 sky beasts (D:5)
  A hound (D:5)
  A jelly (D:4)
  2 iguanas
  4 adders
  2 worms
  2 dart slugs
  9 orcs
  3 endoplasms
  3 giant cockroaches
  5 hobgoblins
  3 jackals (D:1)
  6 kobolds
  5 quokkas
  3 ball pythons
  4 goblins
  A rat (D:1)
58 creatures vanquished.

Notes
Turn   | Place    | Note
-------+----------+-------------------------------------------
     0 | D:1      | siradein the Gnoll Necromancer began the quest for the Orb.
     0 | D:1      | Reached XP level 1. HP: 13/13 MP: 6/6
   821 | D:1      | Reached XP level 2. HP: 17/19 MP: 4/7
  1605 | D:1      | Found a faded altar of an unknown god.
  1791 | D:2      | Reached skill level 5 in Spellcasting
  1791 | D:2      | Reached XP level 3. HP: 23/25 MP: 5/9
  1795 | D:2      | Learned a level 3 spell: Vampiric Draining
  2080 | D:2      | Reached skill level 1 in Invocations
  2356 | D:2      | Identified the +1 leather armour of Imperfection {Fly
                  | Int+4}
  2430 | D:2      | Found Doraci's General Store.
  2439 | D:2      | Bought a scroll of identify for 22 gold pieces
  2442 | D:2      | Gained mutation: Your muscles are strong. (Str +2) [potion
                  | of mutation]
  2442 | D:2      | Gained mutation: Your system is resistant to poisons.
                  | (rPois) [potion of mutation]
  2519 | D:2      | Noticed Sigmund
  2629 | D:3      | Reached skill level 1 in Fighting
  2629 | D:3      | Reached skill level 1 in Short Blades
  2629 | D:3      | Reached skill level 1 in Long Blades
  2629 | D:3      | Reached skill level 1 in Axes
  2629 | D:3      | Reached skill level 1 in Maces & Flails
  2629 | D:3      | Reached skill level 1 in Polearms
  2629 | D:3      | Reached skill level 1 in Staves
  2629 | D:3      | Reached skill level 1 in Slings
  2629 | D:3      | Reached skill level 1 in Bows
  2629 | D:3      | Reached skill level 1 in Crossbows
  2629 | D:3      | Reached skill level 1 in Throwing
  2629 | D:3      | Reached skill level 1 in Armour
  2629 | D:3      | Reached skill level 1 in Shields
  2629 | D:3      | Reached skill level 1 in Unarmed Combat
  2629 | D:3      | Reached skill level 1 in Evocations
  2649 | D:3      | Reached XP level 4. HP: 32/32 MP: 3/11
  3569 | D:4      | Learned a level 4 spell: Animate Dead
  3658 | D:4      | Found a staircase to the Ecumenical Temple.
  3663 | D:4      | Reached skill level 1 in Conjurations
  3663 | D:4      | Reached skill level 1 in Hexes
  3663 | D:4      | Reached skill level 1 in Summonings
  3663 | D:4      | Reached skill level 1 in Translocations
  3663 | D:4      | Reached skill level 1 in Transmutations
  3663 | D:4      | Reached skill level 1 in Fire Magic
  3663 | D:4      | Reached skill level 1 in Ice Magic
  3663 | D:4      | Reached skill level 1 in Air Magic
  3663 | D:4      | Reached skill level 1 in Earth Magic
  3663 | D:4      | Reached skill level 1 in Poison Magic
  3663 | D:4      | Reached XP level 5. HP: 33/37 MP: 8/12
  3771 | Temple   | Entered the Ecumenical Temple
  4024 | Temple   | Became a worshipper of Kikubaaqudgha
  4517 | D:5      | Entered Level 5 of the Dungeon
  4517 | D:5      | Noticed a water moccasin
  4524 | D:5      | Killed a water moccasin
  4525 | D:5      | Reached XP level 6. HP: 44/44 MP: 3/13
  4604 | D:5      | Found an opulent altar of Gozag.
  4604 | D:5      | Noticed a sky beast
  4613 | D:5      | Killed a sky beast
  4614 | D:5      | Reached skill level 5 in Dodging
  4706 | D:5      | Noticed a water moccasin
  4730 | D:4      | Killed a water moccasin
  4731 | D:4      | Reached XP level 7. HP: 50/50 MP: 5/15
  5189 | D:4      | HP: 2/51 [orc warrior/+0 scimitar (17)]
  5191 | D:4      | Demolished by an orc warrior

Illustrated notes

Levels and vault maps discovered:
D:1:      kilobyte_arrival_exit_the_forest, layout_basic,
          chequers_ecumenical_altar_lobes
D:2:      layout_loops_cross, serial_shops, nicolae_square_shop, uniq_sigmund
D:3:      layout_basic
D:4:      layout_cave_pools, minmay_temple_entry_grid,
          minmay_misc_feat_four_crosses
D:5:      layout_rooms, grunt_gozag_statues, minmay_starry_boxes
Temple:   mainiacjoe_temple_starburst

Skill      XL: |  1  2  3  4  5  6  7 |
---------------+----------------------+-----
Spellcasting   | 5 |  5.6
Invocations    | 1 2 |  2.8
Fighting       | 1 2 |  2.5
Short Blades   | 1 2 |  2.5
Long Blades    | 1 2 |  2.5
Axes           | 1 2 |  2.5
Maces & Flails | 1 2 |  2.5
Polearms       | 1 2 |  2.5
Staves         | 1 2 |  2.5
Slings         | 1 2 |  2.5
Bows           | 1 2 |  2.5
Crossbows      | 1 2 |  2.5
Throwing       | 1 2 |  2.5
Armour         | 1 2 |  2.5
Shields        | 1 2 |  2.5
Unarmed Combat | 1 2 |  2.5
Evocations     | 1 2 |  2.5
Conjurations   | 1 2 |  2.0
Hexes          | 1 2 |  2.0
Summonings     | 1 2 |  2.0
Translocations | 1 2 |  2.0
Transmutations | 1 2 |  2.0
Fire Magic     | 1 2 |  2.0
Ice Magic      | 1 2 |  2.0
Air Magic      | 1 2 |  2.0
Earth Magic    | 1 2 |  2.0
Poison Magic   | 1 2 |  2.0
Dodging        | 5 |  5.2
Stealth        | |  4.9
Necromancy     | |  7.4

Action                   |  1- 3 |  4- 6 |  7- 9 || total
-------------------------+-------+-------+-------++-------
Melee: Dagger            |    54 |       |       ||    54
       Unarmed           |     3 |       |       ||     3
       Bite              |     1 |       |       ||     1
 Fire: Hunting sling     |    11 |    80 |    15 ||   106
 Cast: Pain              |    36 |       |     2 ||    38
       Vampiric Draining |     2 |    17 |    10 ||    29
       Animate Dead      |       |       |     1 ||     1
  Use: Scroll            |     4 |       |       ||     4
       Potion            |     1 |       |       ||     1
Armor: Robe              |     7 |       |       ||     7
       Ring mail         |     8 |       |       ||     8
       Leather armour    |     3 |     2 |     5 ||    10
Dodge: Dodged            |    41 |    15 |    27 ||    83

Table legend: (Time is in decaauts)
 A = Elapsed time spent in this place.
 B = Non-inter-level travel time spent in this place.
 C = Inter-level travel time spent in this place.
 D = Time resting spent in this place.
 E = Time spent auto-exploring this place.
 F = Levels seen in this place.
 G = Mean time per level.
                   A        B        C        D        E       F      G
               +--------+--------+--------+--------+--------+-----+--------+
         Total |   5251 |   5104 |    147 |    284 |   4066 |   6 |  875.2 |
       Dungeon |   4939 |   4817 |    122 |    284 |   3825 |   5 |  987.8 |
        Temple |    311 |    286 |     25 |      0 |    241 |   1 |  311.0 |
               +--------+--------+--------+--------+--------+-----+--------+

Top non-repeatable levels by time:
     D:1: 1749 daAuts
     D:3: 979 daAuts
     D:4: 958 daAuts
     D:2: 858 daAuts
     D:5: 394 daAuts
  Temple: 311 daAuts
